 Dungeon Crawl Stone Soup version 0.20.1-1-g8b1a95d (webtiles) character file.

42 Kingsmith the Magician (level 3, -3/19 HPs)
             Began as a Deep Elf Conjurer on Dec 7, 2017.
             Slain by a goblin
             ... wielding a +0 dagger
             ... led by Robin
              (5 damage)
             ... on level 3 of the Dungeon.
             The game lasted 00:03:08 (1385 turns).

Kingsmith the Magician (Deep Elf Conjurer)          Turns: 1385, Time: 00:03:09

Health: -3/19      AC:  2    Str:  6    XL:     3   Next: 35%
Magic:  8/11       EV: 13    Int: 19    God:
Gold:   93         SH:  0    Dex: 15    Spells: 9/12 levels left

rFire    . . .     SeeInvis .   g - +0 short sword
rCold    . . .     Gourm    .   (no shield)
rNeg     . . .     Faith    .   a - +0 robe
rPois    .         Spirit   .   (no helmet)
rElec    .         Reflect  .   (no cloak)
rCorr    .         Harm     .   (no gloves)
MR       .....                  (no boots)
Stlth    ++........             l - amulet of magic regeneration
Regen    0.1/turn               (no ring)
MPRegen  0.2/turn               (no ring)

@: no status effects
A: no striking features
a: no special abilities


You were on level 3 of the Dungeon.
You were not hungry.

You visited 1 branch of the dungeon, and saw 3 of its levels.

You collected 93 gold pieces.

Inventory:

Hand Weapons
 g - a +0 short sword (weapon)
Armour
 a - a +0 robe (worn)
Jewellery
 l - an amulet of magic regeneration (around neck)
Scrolls
 e - a scroll of remove curse {unknown}
 h - 5 scrolls of identify {unknown}
 i - a scroll of noise {unknown}
 q - a scroll of immolation {unknown}
Potions
 d - a potion of heal wounds {unknown}
 j - a potion of berserk rage {unknown}
 k - 2 potions of cancellation {unknown}
 m - a potion of flight {unknown}
 o - a potion of ambrosia {unknown}
Books
 b - a book of Conjurations

   Spells                             Type                      Level
   a - Magic Dart                     Conjuration                  1
   b - Searing Ray                    Conjuration                  2
   c - Dazzling Spray                 Conjuration/Hexes            3
   d - Fulminant Prism                Conjuration/Hexes            4
   e - Force Lance                    Conjuration/Translocation    4
   f - Iskenderun's Mystic Blast      Conjuration                  4
Comestibles
 c - a bread ration
 f - a fruit
 n - a royal jelly
 p - a chunk of flesh


   Skills:
 - Level 2.4 Dodging
 - Level 2.4 Stealth
 + Level 5.3 Spellcasting
 - Level 4.3 Conjurations


You had 9 spell levels left.
You knew the following spells:

 Your Spells              Type           Power        Failure   Level  Hunger
a - Magic Dart            Conj           ###.         1%          1    None
b - Searing Ray           Conj           ###...       3%          2    None


Dungeon Overview and Level Annotations

Branches:
Dungeon (3/15)

Altars:
Kikubaaqudgha

Annotations:
D:3 Robin


Message History

The hobgoblin is almost dead.
The searing ray hits the hobgoblin.
You kill the hobgoblin!
You finish channeling your searing ray.
The hobgoblin hits you with a club!
Ouch! That really hurt!
* * * LOW HITPOINT WARNING * * *
The hobgoblin hits you with a club.
* * * LOW HITPOINT WARNING * * *
The goblin no longer looks unusually strong.
The goblin hits you but does no damage. The goblin hits you but does no damage.
The hobgoblin no longer looks unusually strong.
A goblin comes into view. It is wielding a dagger.
The goblin shouts!
Robin roars a battlecry!
The goblins go into a battle-frenzy!
Robin roars a battlecry!
The goblin goes into a battle-frenzy!
The goblin hits you with a dagger.
You die...

##### #...# #...# ############
.#####...# #..........#
g)g......# #..........#
#g.##(...### #..........# ..
##.....################.##### #
#g..#...........# ##.#
######.g.# ###..@ggg.# ###..#
#.....##(######g.....###...##
#.###.................g.....####
####..#########.#....##.))(##
##.#### #...########..#
#.(..#######......g.....#
########...g..g...#.#####..#..
#.........######.##..###..g...
#.#######.### #.###.<##...###


You could see Robin, a hobgoblin and 3 goblins.

Vanquished Creatures
  An adder (D:3)
  2 leopard geckos
  2 giant cockroaches
  5 goblins
  7 hobgoblins
  6 bats
  2 frilled lizards (D:1)
  2 kobolds (D:1)
  2 rats (D:1)
29 creatures vanquished.

Notes
Turn   | Place    | Note
-------+----------+-------------------------------------------
     0 | D:1      | Kingsmith the Deep Elf Conjurer began the quest for the Orb.
     0 | D:1      | Reached XP level 1. HP: 10/10 MP: 6/6
   157 | D:1      | Reached XP level 2. HP: 15/15 MP: 6/8
   161 | D:1      | Learned a level 2 spell: Searing Ray
   181 | D:1      | Reached skill level 4 in Spellcasting
   657 | D:2      | Found an ancient bone altar of Kikubaaqudgha.
  1303 | D:3      | Reached XP level 3. HP: 19/19 MP: 9/11
  1321 | D:3      | Reached skill level 5 in Spellcasting
  1333 | D:3      | Noticed Robin
  1385 | D:3      | Slain by a goblin

Skill      XL: |  1  2  3 |
---------------+----------+-----
Spellcasting   | 4 5 |  5.3
Dodging        | |  2.4
Stealth        | |  2.4
Conjurations   | |  4.3

Action                   || total
-------------------------++-------
 Cast: Magic Dart        ||    47
       Searing Ray       ||     1
  Eat: Chunk             ||     1
Armor: Robe              ||     2
Dodge: Dodged            ||     5
